 Dungeon Crawl Stone Soup version 0.21-a0-401-g0b6bec4 (webtiles) character file.

456926 Hasart the Metallomancer (level 22, -16/182 HPs)
             Began as a Demigod Earth Elementalist on Oct 20, 2017.
             Killed from afar by a quicksilver dragon (46 damage)
             ... with a bolt of dispelling energy
             ... on level 4 of the Vaults on Oct 21, 2017.
             The game lasted 04:15:42 (60163 turns).

Hasart the Metallomancer (DgEE)                    Turns: 60163, Time: 04:15:44

Health: -16/182    AC: 14    Str: 11    XL:     22   Next: 27%
Magic:  35/49      EV: 19    Int: 44    God:
Gold:   685        SH:  7    Dex: 19    Spells: 9/56 levels left

rFire    . . .     SeeInvis +   Q - +10 whip of Generosity {elec, rC+ MR++}
rCold    + + .     Gourm    .   U - +0 buckler
rNeg     . . .     Faith    .   N - +0 troll leather armour
rPois    +         Spirit   .   W - +2 hat
rElec    .         Reflect  .   P - +1 cloak {rPois}
rCorr    .         Harm     .   j - +0 pair of gloves {Dex+3}
MR       +++++                  z - +2 pair of boots
Stlth    ++........             c - amulet of magic regeneration
HPRegen  0.80/turn              s - ring of the Mage {Wiz MR++ Int+3}
MPRegen  0.56/turn              Z - ring of Qege {*Drain rC+ Int+6 SInv}

@: studying Dodging
A: clever 1, high mp 1, robust 1
}: 2/15 runes: decaying, gossamer
a: no special abilities


You were on level 4 of the Vaults.
You were not hungry.

You visited 8 branches of the dungeon, and saw 41 of its levels.
You visited 1 bazaar.
You also visited: Sewer, Ice Cave and Wizlab.

You collected 4361 gold pieces.
You spent 3676 gold pieces at shops.

Inventory:

Hand Weapons
 M - the +7 lajatang of Order {silver, rMut}
   (You took it off a deep elf annihilator on level 3 of the Elven Halls)

   It protects you from mutation.
 Q - the +10 whip of Generosity (weapon) {elec, rC+ MR++}
   (You bought it in a shop on level 2 of the Elven Halls)

   Occasionally, upon striking a foe, it will discharge some electrical energy
   and cause terrible harm.
   It protects you from cold.
   It affects your resistance to hostile enchantments.
Missiles
 w - 166 stones (quivered)
Armour
 g - a +0 shield of reflection
 j - a +0 pair of gloves of dexterity (worn)
 z - a +2 pair of boots (worn)
 N - a +0 troll leather armour (worn)
 P - a +1 cloak of poison resistance (worn)
 U - a +0 buckler (worn)
 W - a +2 hat (worn)
Magical Staves
 b - an uncursed staff of earth
Jewellery
 c - an amulet of magic regeneration (around neck)
 q - the ring of Juthri {rC+ rN+ Int+4}
   (You took it off a deep elf annihilator on level 3 of the Elven Halls)

   [ring of protection from cold]

   It affects your intelligence (+4).
   It protects you from cold.
   It protects you from negative energy.
 s - the ring of the Mage (left hand) {Wiz MR++ Int+3}
   (You took it off a deep elf mage on level 3 of the Elven Halls)

   [ring of wizardry]

   It improves your spell success rate.
   It affects your intelligence (+3).
   It affects your resistance to hostile enchantments.
 A - a +6 ring of evasion
 J - an uncursed ring of protection from fire
 Z - the ring of Qege (right hand) {*Drain rC+ Int+6 SInv}
   (You bought it in a shop in a bazaar)

   [ring of intelligence]

   It affects your intelligence (+6).
   It protects you from cold.
   It lets you see invisible.
   It causes draining when unequipped.
Wands
 f - a wand of iceblast (13/15)
 B - a wand of digging (20/24)
 G - a wand of clouds (4/9)
 V - a wand of scattershot (3/9)
Scrolls
 h - 19 scrolls of identify
 i - a scroll of fear
 t - 4 scrolls of blinking
 v - 7 scrolls of immolation
 x - 4 scrolls of magic mapping
 y - 6 scrolls of fog
 O - 12 scrolls of remove curse
 X - 4 scrolls of teleportation
Potions
 a - 4 potions of flight
 e - 3 potions of cancellation
 l - a potion of heal wounds
 o - 14 potions of curing
 u - 3 potions of brilliance
 C - 4 potions of haste
 D - 5 potions of magic
 K - 2 potions of resistance
 R - 4 potions of agility
Books
 F - a manual of Dodging
Miscellaneous
 n - 2 phantom mirrors
Comestibles
 d - 22 bread rations
 k - 5 chunks of flesh
 Y - a meat ration


   Skills:
 - Level 7.1 Fighting
 - Level 7.2 Armour
 + Level 9.7 Dodging
 - Level 1.7 Stealth
 + Level 9.7 Shields
 + Level 17.5 Spellcasting
 - Level 11.8 Conjurations
 + Level 4.4 Charms
 + Level 3.6 Summonings
 - Level 2.4 Necromancy
 - Level 2.0 Translocations
   Level 0.8 Transmutations
 + Level 4.1 Air Magic
 * Level 24.7 Earth Magic
 - Level 2.0 Poison Magic
 - Level 2.2 Evocations


You had 9 spell levels left.
You knew the following spells:

 Your Spells              Type           Power        Failure   Level  Hunger
a - Stone Arrow           Conj/Erth      ######       0%          3    None
b - Sandblast             Erth           ######       0%          1    None
c - Lee's Rapid Deconstr  Erth           ########..   0%          5    None
d - Blink                 Tloc           N/A          1%          2    None
e - Mephitic Cloud        Conj/Pois/Air  #######.     1%          3    None
f - Iron Shot             Conj/Erth      ########..   1%          6    None
g - Shatter               Erth           ########..   1%          9    #####..
h - Swiftness             Chrm/Air       ######..     1%          2    None
i - Deflect Missiles      Chrm/Air       ######....   9%          6    None
j - Spellforged Servitor  Conj/Summ      #######...   12%         7    None
p - Regeneration          Chrm/Necr      ######....   1%          3    None


Dungeon Overview and Level Annotations

Branches:
Dungeon (15/15)            Temple (0/1) D:6            Lair (6/6) D:8
  Swamp (4/4) Lair:4       Spider (4/4) Lair:4        Slime (0/5) Lair:5
    Orc (2/2) D:11            Elf (3/3) Orc:2        Vaults (5/5) D:13
  Crypt (0/3) Vaults:3     Depths (2/5) D:15

Shops:
D:10 !   D:14 (   Orc:2 (*:[   Elf:2 (   Elf:3 (*   Depths:1 }!(

Portals:
Hell: Depths:1 Depths:2
Abyss: Depths:1
Pandemonium: Depths:2

Annotations:
Lair:5 exclusion: 3 oklob plants
Elf:2 3 runed doors
Depths:2 Asterion, Bai Suzhen


Innate Abilities, Weirdness & Mutations

You have an increased reservoir of magic. (+10% MP)
Your mind is acute. (Int +2)
You are robust. (+10% HP)


Message History

Unknown command.
Unknown command.
Unknown command.
Unknown command.
Casting: Shatter
Confirm with . or Enter, or press ? or * to list all spells.
You blink.
Unknown command.
The storm dragon breathes lightning at you.
The bolt of lightning hits you!
* * * LOW HITPOINT WARNING * * *
Casting: Blink
Confirm with . or Enter, or press ? or * to list all spells.
Aiming: Iron Shot
Press: ? - help, Shift-Dir - straight line, f - quicksilver dragon
Aim: a quicksilver dragon (lightly wounded, catching its breath)
The iron shot misses the quicksilver dragon.
The quicksilver dragon breathes dispelling energy at you.
The bolt of dispelling energy hits you!
You die...

..# #....(...# ..# ##.).....#
.## #([(.....# ####### #####
######(##).####
###...###...###.........(..##
##..#..#..#..###....([.(....#
#...##...##...##...[(.[....##
....###.###....#(..)(.).....#
[###.##.##.###.)@.[..((.[..##
..###.#.#.###..#)(##.[#.#...#
#..####.####..##......[....##
##.....8.....##....DD)..#..#
#..####.####........[§[....#
..###.#.#.###..#....†÷[.#..#
.###.##.##.###....#.....#..#
....###.###...[#####.##.####
#...##...##...## #......#


You could see a storm dragon and a quicksilver dragon.

Vanquished Creatures
  An ancient lich (WizLab)
  Mara (Swamp:4)
  Jorgrun (Depths:1)
  Rupert (D:13)
  A deep elf blademaster (Elf:3)
  A tentacled monstrosity (Vaults:5)
  2 liches (Depths:2)
  3 quicksilver dragons (Vaults:4)
  An ancient champion (WizLab)
  3 deep elf master archers (Elf:3)
  2 titans (Vaults:5)
  4 sphinxes
  3 thorn hunters
  Gastronok (Lair:1)
  A shadow dragon (Vaults:4)
  Kirke (D:13)
  3 storm dragons
  Roxanne (Swamp:2)
  Donald (Swamp:4)
  5 fire giants
  3 tengu reavers
  3 frost giants
  11 deep elf sorcerers
  Louise (Swamp:4)
  17 vault wardens
  A balrug (Depths:2)
  An iron dragon (Vaults:5)
  4 emperor scorpions
  4 ghost moths (Spider:4)
  2 deep elf elementalists
  An orc warlord (Orc:2)
  12 ironheart preservers
  9 stone giants
  7 very ugly things
  7 entropy weavers
  8 deep elf demonologists
  16 deep elf annihilators
  7 spark wasps
  A spark wasp (shapeshifter) (Vaults:2)
  7 ettins
  2 fire dragons (Depths:2)
  6 deep elf death magi
  Snorg (D:10)
  12 yaktaur captains
  5 deep elf high priests
  Erolcha (D:12)
  5 great orbs of eyes
  6 rakshasas
  32 vault guards
  29 hydras
  A ghost crab (Swamp:2)
  2 catoblepae (Lair:6)
  2 ice dragons (Vaults:2)
  A deep troll shaman (Depths:1)
  52 two-headed ogres
  15 ogre magi
  An alligator (Swamp:4)
  13 centaur warriors
  A death knight (Vaults:2)
  16 dancing weapons
  2 deep troll earth magi (Depths:1)
  A death yak (shapeshifter) (Vaults:5)
  5 tengu warriors
  3 death yaks (Lair:6)
  A queen ant (Spider:1)
  7 orc high priests
  20 deep elf knights
  Sonja (D:12)
  Urug (Lair:2)
  2 sun demons (Depths:2)
  A soul eater (Vaults:3)
  An iron troll (Depths:1)
  A shadow wraith (Vaults:1)
  14 skeletal warriors
  2 glowing orange brains
  10 wizards
  4 spriggan druids
  4 deep trolls
  A flayed ghost (Vaults:3)
  A swamp dragon (shapeshifter) (Vaults:3)
  A death drake (shapeshifter) (Vaults:3)
  A lindwurm (Lair:6)
  29 deep elf archers
  2 shambling mangroves
  2 unseen horrors
  A glowing orange brain (shapeshifter) (Elf:3)
  12 swamp dragons
  21 orc knights
  3 harpies (Vaults:2)
  2 phantasmal warriors
  6 orb spiders
  5 necromancers
  A tengu zombie (Vaults:1)
  15 ironbrand convokers
  26 ugly things
  7 manticores
  41 wolf spiders
  A frost giant zombie (Depths:1)
  A wolf spider zombie (D:15)
  A sphinx skeleton (Depths:1)
  74 deep elf magi
  A fire giant zombie (Vaults:3)
  2 oklob plants (Lair:4)
  6 orc sorcerers
  Maurice (Orc:1)
  7 elephants (Lair:6)
  7 cyclopes
  17 vault sentinels
  2 guardian serpents (shapeshifter)
  A black mamba (shapeshifter) (Depths:1)
  3 centaur zombies
  A frost giant skeleton (Depths:1)
  4 black mambas
  Psyche (D:12)
  An ice statue (Vaults:4)
  A naga mage (D:15)
  A torpor snail (Lair:5)
  A gargoyle (D:15)
  22 spiny frogs
  5 freezing wraiths
  3 kobold demonologists
  4 rime drakes
  12 demonic crawlers
  10 komodo dragons
  2 yaktaurs (shapeshifter) (Vaults:3)
  39 yaktaurs
  25 jumping spiders
  4 guardian mummies (D:12)
  A queen bee (shapeshifter) (Vaults:4)
  3 tengu conjurers (D:15)
  12 trolls
  A meliai (shapeshifter) (Vaults:5)
  9 tyrant leeches
  A sphinx simulacrum (Vaults:3)
  6 polar bears
  8 blink frogs
  22 hornets
  6 bog bodies
  5 hippogriffs
  20 slime creatures
  5 dream sheep
  2 ettin skeletons
  A blink frog (shapeshifter) (Depths:2)
  66 redbacks
  7 vampires
  6 water elementals
  25 tarantellas
  4 wraiths
  54 yaks
  A redback (shapeshifter) (Vaults:2)
  5 spriggans
  3 shadows
  3 air elementals (Elf:1)
  3 hogs (D:13)
  3 wyverns
  A basilisk (shapeshifter) (Vaults:1)
  A fire elemental (Elf:3)
  5 basilisks
  2 hungry ghosts
  Menkaure (D:6)
  2 steam dragons
  18 vampire mosquitoes
  4 two-headed ogre zombies (WizLab)
  14 wargs
  6 acid dragons
  6 insubstantial wisps
  31 soldier ants
  A soldier ant (shapeshifter) (Vaults:2)
  18 swamp worms
  5 porcupines
  16 water moccasins
  13 swamp drakes
  A hornet zombie (D:15)
  59 orc warriors
  An eye of draining (D:9)
  4 sky beasts
  4 black bears
  An ettin simulacrum (Vaults:4)
  A black bear (shapeshifter) (Vaults:1)
  2 necrophages
  6 phantoms
  16 wolves
  42 ogres
  17 boggarts
  25 centaurs
  9 crocodiles
  An elf skeleton (Vaults:4)
  A big kobold (shapeshifter) (Vaults:1)
  6 human skeletons
  2 big kobolds
  22 bullfrogs
  Blork the orc (D:6)
  An ogre simulacrum (Vaults:1)
  A glowing shapeshifter simulacrum (Vaults:1)
  A wyvern zombie (D:12)
  2 earth elementals
  7 scorpions
  8 troll zombies (WizLab)
  11 wights
  5 howler monkeys
  7 crimson imps
  2 human simulacra (Vaults:2)
  3 quasits
  16 orc priests
  A gnoll shaman (D:3)
  3 hounds
  Crazy Yiuf (D:6)
  7 jellies
  A bullfrog skeleton (D:13)
  5 centaur skeletons
  2 iguanas
  Ijyb (D:3)
  17 orc wizards
  28 worker ants
  2 killer bee zombies
  8 ogre zombies (WizLab)
  3 hound skeletons
  4 mummies (D:12)
  A worker ant zombie (D:9)
  11 adders
  5 gnolls (D:4)
  A river rat (Sewer)
  2 shadow imps
  12 white imps (Orc:1)
  An ooze (D:2)
  An adder skeleton (D:5)
  10 worms
  2 dart slugs
  7 leopard geckos
  82 orcs
  5 bats
  10 giant cockroaches
  12 goblins
  18 hobgoblins
  16 jackals
  A kobold (shapeshifter) (Vaults:1)
  20 kobolds
  8 quokkas
  A ball python (D:1)
  3 frilled lizards
  A jackal skeleton (D:6)
  A leopard gecko zombie (D:6)
  2 quokka skeletons (D:4)
  12 rats
  3 fungi
  6 plants
1927 creatures vanquished.

Vanquished Creatures (collateral kills)
  A redback (Spider:1)
  A worker ant (Spider:1)
2 creatures vanquished.

Vanquished Creatures (others)
  A spark wasp (Depths:2)
  An ice dragon (Depths:2)
  2 spriggan berserkers (Depths:2)
  A swamp dragon (Swamp:4)
  2 yaktaurs (Depths:2)
  2 hornets (Depths:2)
  A bog body (Swamp:4)
  2 spriggans (Depths:2)
  A swamp drake (Swamp:4)
  4 boggarts
  23 fungi
  8 plants
48 creatures vanquished.

Grand Total: 1977 creatures vanquished

Notes
Turn   | Place    | Note
-------+----------+-------------------------------------------
     0 | D:1      | Hasart the Demigod Earth Elementalist began the quest for the Orb.
     0 | D:1      | Reached XP level 1. HP: 14/14 MP: 5/5
   198 | D:1      | Reached skill level 3 in Earth Magic
   249 | D:1      | Reached XP level 2. HP: 14/20 MP: 2/7
  1460 | D:2      | Reached XP level 3. HP: 16/26 MP: 6/9
  1465 | D:2      | Learned a level 3 spell: Stone Arrow
  1832 | D:2      | Found an opulent altar of Gozag.
  2339 | D:2      | Reached skill level 1 in Conjurations
  2734 | D:3      | Noticed Ijyb
  2749 | D:3      | Killed Ijyb
  2749 | D:3      | Reached XP level 4. HP: 8/33 MP: 0/10
  3594 | D:3      | Reached skill level 4 in Earth Magic
  3730 | D:3      | Found a blossoming altar of Fedhas.
  4125 | D:4      | Reached XP level 5. HP: 34/38 MP: 7/12
  4767 | D:4      | Reached XP level 6. HP: 45/45 MP: 8/13
  5091 | D:5      | Entered Level 5 of the Dungeon
  5386 | D:5      | Found a shadowy altar of Dithmenos.
  5422 | D:5      | Reached XP level 7. HP: 43/50 MP: 12/15
  5488 | D:5      | Found an opulent altar of Gozag.
  5488 | D:5      | Found an ancient bone altar of Kikubaaqudgha.
  5493 | D:5      | Found a white marble altar of Elyvilon.
  5495 | D:5      | Found a faded altar of an unknown god.
  5497 | D:5      | Found a hazy altar of Hepliaklqana.
  5694 | D:5      | Found a glowing drain.
  5700 | Sewer    | Entered a sewer
  5857 | Sewer    | Reached skill level 5 in Earth Magic
  5902 | Sewer    | Found a white marble altar of Elyvilon.
  6157 | D:6      | Found a bloodstained altar of Trog.
  6291 | D:6      | Reached skill level 5 in Conjurations
  6297 | D:6      | Noticed Blork the orc
  6360 | D:6      | Noticed Menkaure
  6428 | D:6      | Killed Blork the orc
  6428 | D:6      | Reached XP level 8. HP: 37/57 MP: 7/18
  6533 | D:6      | Found a staircase to the Ecumenical Temple.
  6666 | D:6      | Killed Menkaure
  6827 | D:6      | Found a runed door.
  6873 | D:6      | Noticed Crazy Yiuf
  6876 | D:6      | Killed Crazy Yiuf
  6997 | D:6      | Got a scorched war axe
  6998 | D:6      | Identified the cursed +2 war axe of the Fox {flame, rPois} (You found it on level 6 of the Dungeon)
  7069 | D:7      | Reached skill level 6 in Earth Magic
  7094 | D:7      | Reached skill level 5 in Spellcasting
  7257 | D:7      | Learned a level 5 spell: Lee's Rapid Deconstruction
  7260 | D:7      | Learned a level 2 spell: Blink
  8726 | D:8      | Reached XP level 9. HP: 63/63 MP: 7/20
  8968 | D:8      | Reached skill level 7 in Earth Magic
  8988 | D:8      | Reached skill level 1 in Fighting
  8988 | D:8      | Reached skill level 1 in Armour
  9175 | D:8      | Found a staircase to the Lair.
 10644 | D:10     | Entered Level 10 of the Dungeon
 10682 | D:10     | Found Idweuren's Distillery.
 10691 | D:10     | Reached skill level 8 in Earth Magic
 10694 | D:10     | Noticed a two-headed ogre
 10708 | D:10     | Killed a two-headed ogre
 10708 | D:10     | Reached XP level 10. HP: 72/75 MP: 5/23
 10711 | D:10     | Noticed a two-headed ogre
 10727 | D:10     | Killed a two-headed ogre
 10907 | D:10     | Noticed Snorg
 10934 | D:10     | Killed Snorg
 11050 | D:10     | Bought a potion of degeneration for 15 gold pieces
 11050 | D:10     | Bought a potion of might for 60 gold pieces
 11050 | D:10     | Bought a potion of agility for 60 gold pieces
 11050 | D:10     | Bought a potion of curing for 45 gold pieces
 11070 | D:10     | Reached skill level 9 in Earth Magic
 11134 | D:9      | Learned a level 3 spell: Mephitic Cloud
 11350 | Lair:1   | Entered Level 1 of the Lair of Beasts
 11395 | Lair:1   | Noticed Gastronok
 11473 | Lair:1   | Killed Gastronok
 11473 | Lair:1   | Reached skill level 1 in Air Magic
 11473 | Lair:1   | Reached skill level 1 in Poison Magic
 11473 | Lair:1   | Reached XP level 11. HP: 36/84 MP: 2/25
 11917 | Lair:1   | Reached skill level 5 in Dodging
 12668 | Lair:2   | Noticed Urug
 12724 | Lair:2   | Reached skill level 5 in Armour
 12833 | Lair:2   | Reached skill level 10 in Earth Magic
 12924 | Lair:2   | Noticed a seven-headed hydra
 12927 | Lair:2   | Killed a seven-headed hydra
 12978 | Lair:2   | Reached skill level 5 in Fighting
 13778 | Lair:3   | Gained mutation: You are frail. (-10% HP) [potion of mutation]
 13778 | Lair:3   | Gained mutation: You are partially covered in large bone plates. (SH +4) [potion of mutation]
 13778 | Lair:3   | Gained mutation: You have a somewhat thin skeletal structure. (Dex +2, Stealth) [potion of mutation]
 13779 | Lair:3   | Lost mutation: You are frail. (-10% HP) [potion of mutation]
 13779 | Lair:3   | Lost mutation: You have a somewhat thin skeletal structure. (Dex +2, Stealth) [potion of mutation]
 13779 | Lair:3   | Lost mutation: You are partially covered in large bone plates. (SH +4) [potion of mutation]
 13779 | Lair:3   | Gained mutation: Your mind is acute. (Int +2) [potion of mutation]
 13779 | Lair:3   | Gained mutation: You are robust. (+10% HP) [potion of mutation]
 13925 | Lair:3   | Got a crude scythe
 13926 | Lair:3   | Identified the +9 scythe of the Chickpea {slice, rPois rF+ rC- Dex+3} (You found it on level 3 of the Lair of Beasts)
 14494 | Lair:3   | Reached XP level 12. HP: 103/103 MP: 16/27
 15048 | Lair:4   | Learned a level 3 spell: Regeneration
 15412 | Lair:4   | Found a hole to the Spider Nest.
 15657 | Lair:4   | Reached skill level 1 in Necromancy
 15755 | Lair:4   | Reached skill level 1 in Charms
 15874 | Lair:4   | Found a staircase to the Swamp.
 16282 | Lair:5   | Noticed an eight-headed hydra
 16298 | Lair:5   | Killed an eight-headed hydra
 16562 | Lair:5   | Found a staircase to the Slime Pits.
 17436 | Lair:6   | Entered Level 6 of the Lair of Beasts
 17573 | Lair:6   | Reached skill level 11 in Earth Magic
 17954 | D:10     | Found a viscous altar of Jiyva.
 18538 | D:11     | Found a staircase to the Orcish Mines.
 19064 | D:11     | Reached skill level 1 in Translocations
 19440 | Orc:1    | Entered Level 1 of the Orcish Mines
 19574 | Orc:1    | Reached XP level 13. HP: 26/113 MP: 7/29
 19734 | Orc:1    | Found a frozen archway.
 19752 | IceCv    | Entered an ice cave
 19879 | IceCv    | Noticed theanonym's ghost (journeyman GrFi)
 20385 | Orc:2    | Entered Level 2 of the Orcish Mines
 20385 | Orc:2    | Noticed Maurice
 20524 | Orc:1    | Killed Maurice
 20672 | Orc:1    | Reached skill level 10 in Conjurations
 20715 | Orc:2    | Paralysed by an orc sorcerer for 2 turns
 21653 | Orc:2    | Found Xeolliewa's Antique Armour Boutique.
 21764 | Orc:2    | Bought a slimy robe for 171 gold pieces
 21764 | Orc:2    | Bought a smoking robe for 171 gold pieces
 21764 | Orc:2    | Identified the +1 robe of Thoughtfulness {rCorr} (You bought it in a shop on level 2 of the Orcish Mines)
 21765 | Orc:2    | Identified the +2 robe of Lies {rPois rF+ Int-4} (You bought it in a shop on level 2 of the Orcish Mines)
 21776 | Orc:2    | Noticed an orc warlord
 21899 | Orc:2    | Killed an orc warlord
 21957 | Orc:2    | Reached skill level 12 in Earth Magic
 22172 | Orc:2    | Found Xeid's Book Emporium.
 22183 | Orc:2    | Bought a book of the Earth for 975 gold pieces
 22226 | Orc:2    | Learned a level 6 spell: Iron Shot
 22520 | Orc:2    | Identified a scroll of acquirement
 22543 | Orc:2    | Found Jiuchao's General Store.
 22576 | Orc:2    | Found Izor's Antique Weapon Emporium.
 22712 | Orc:2    | Found a staircase to the Elven Halls.
 23126 | Lair:5   | Reached skill level 1 in Evocations
 23745 | Lair:6   | Reached XP level 14. HP: 124/124 MP: 23/31
 24393 | Lair:6   | Reached skill level 13 in Earth Magic
 24919 | D:12     | Noticed Psyche
 24925 | D:12     | Killed Psyche
 25275 | D:12     | Noticed Erolcha
 25279 | D:12     | Killed Erolcha
 25514 | D:12     | Noticed Sonja
 25518 | D:12     | Killed Sonja
 25802 | D:13     | Noticed Rupert
 25809 | D:13     | Killed Rupert
 26061 | D:12     | Noticed a reaper
 26061 | D:12     | Noticed a reaper
 26061 | D:12     | Noticed a reaper
 26061 | D:12     | Noticed a reaper
 26061 | D:12     | Noticed a reaper
 26069 | D:12     | Noticed a reaper
 26497 | D:13     | Found a gate to the Vaults.
 26575 | D:13     | Reached skill level 10 in Spellcasting
 26728 | D:13     | Reached skill level 14 in Earth Magic
 26951 | D:13     | Noticed Kirke
 27173 | D:13     | Killed Kirke
 27850 | D:14     | Found Gupakhex's Antique Weapon Emporium.
 28114 | D:14     | Reached XP level 15. HP: 127/128 MP: 21/34
 28355 | D:15     | Entered Level 15 of the Dungeon
 28560 | D:15     | Found a shattered altar of Ashenzari.
 28792 | D:15     | Reached skill level 15 in Earth Magic
 28891 | D:15     | Found a staircase to the Depths.
 29510 | Depths:1 | Entered Level 1 of the Depths
 29614 | Depths:1 | Noticed Jorgrun
 29874 | Elf:1    | Entered Level 1 of the Elven Halls
 30057 | Elf:1    | Found a radiant altar of Vehumet.
 30643 | Elf:1    | Reached skill level 16 in Earth Magic
 30892 | Elf:1    | Identified the Incunabulum of Calling
 31459 | Elf:2    | Reached XP level 16. HP: 88/137 MP: 0/36
 31607 | Elf:2    | Found Ockithrugiwk's Antique Weapon Boutique.
 31680 | Elf:2    | Bought a crystal whip for 277 gold pieces
 31680 | Elf:2    | Bought an ichor-stained rapier for 333 gold pieces
 31680 | Elf:2    | Identified the +10 whip of Generosity {elec, rC+ MR++} (You bought it in a shop on level 2 of the Elven Halls)
 31681 | Elf:2    | Identified the +10 rapier of Qazlal's Supremacy {antimagic, Fragile rPois Str+5 Dex-3} (You bought it in a shop on level 2 of the Elven Halls)
 31895 | Elf:2    | Reached skill level 1 in Shields
 32021 | Elf:2    | Found a runed gate.
 32024 | Elf:2    | Found a runed gate.
 32033 | Elf:2    | Found a runed gate.
 32224 | Elf:3    | Entered Level 3 of the Elven Halls
 32584 | Lair:2   | Killed Urug
 32631 | Lair:2   | Learned a level 9 spell: Shatter
 32719 | Swamp:1  | Entered Level 1 of the Swamp
 32731 | Swamp:1  | Reached skill level 17 in Earth Magic
 34013 | Swamp:2  | Got a faintly glowing plate armour
 34014 | Swamp:2  | Identified the cursed +0 plate armour of Mutualism {rF- rN+++ Str-5 Slay+2} (You found it on level 2 of the Swamp)
 34343 | Swamp:2  | Noticed Roxanne
 34348 | Swamp:2  | Killed Roxanne
 34348 | Swamp:2  | Reached skill level 5 in Shields
 34403 | Swamp:2  | Identified Roxanne's Guide on Transformation (You took it off Roxanne on level 2 of the Swamp)
 35917 | Swamp:4  | Entered Level 4 of the Swamp
 36373 | Swamp:4  | Noticed Mara
 36377 | Swamp:4  | Noticed Hasart's illusion
 36400 | Swamp:4  | Noticed Louise
 36692 | Spider:1 | Entered Level 1 of the Spider Nest
 36959 | Spider:1 | Reached XP level 17. HP: 44/145 MP: 20/38
 37438 | Spider:1 | Reached skill level 18 in Earth Magic
 39363 | Spider:3 | Got a smoking lead ring
 39690 | Spider:4 | Entered Level 4 of the Spider Nest
 40669 | Spider:4 | Reached skill level 19 in Earth Magic
 41678 | Spider:4 | Got a gossamer rune of Zot
 41925 | Lair:2   | Identified the ring "Diupideh" {rC+ MP+9 Str+4 Dex-5 Slay-5} (You found it on level 3 of the Spider Nest)
 42118 | Depths:1 | Killed Jorgrun
 42431 | Depths:1 | Got a fine lajatang
 42432 | Depths:1 | Identified the +8 lajatang "Ischal" {protect, rF+} (You found it on level 1 of the Depths)
 42477 | Depths:1 | Found Ewotauc's Weapon Boutique.
 42479 | Depths:1 | Found Aluaz's Distillery.
 42481 | Depths:1 | Found Peoku's Gadget Boutique.
 42487 | Depths:1 | Reached XP level 18. HP: 152/152 MP: 31/41
 42629 | Depths:1 | Bought a potion of curing for 39 gold pieces
 42629 | Depths:1 | Bought a potion of heal wounds for 65 gold pieces
 42629 | Depths:1 | Bought 2 potions of magic for 208 gold pieces
 42864 | Depths:1 | Found a one-way gate to the infinite horrors of the Abyss.
 42974 | Depths:1 | Reached skill level 20 in Earth Magic
 43630 | Depths:1 | Got an ancient falchion
 43631 | Depths:1 | Identified the +7 falchion of Spring {slice, Stlth+} (You found it on level 1 of the Depths)
 43678 | Depths:1 | Found a gateway to Hell.
 43708 | Depths:1 | Found a glowing golden altar of the Shining One.
 43941 | Depths:2 | Found a one-way gate leading to the halls of Pandemonium.
 44035 | Depths:2 | Noticed Asterion
 44250 | Depths:2 | Paralysed by a floating eye for 2 turns
 44251 | Depths:2 | Noticed Bai Suzhen
 44546 | Vaults:1 | Entered Level 1 of the Vaults
 44599 | Vaults:1 | Found a magical portal.
 44649 | WizLab   | Entered Zonguldrok's Shrine
 45150 | WizLab   | Noticed an antique lich
 45156 | WizLab   | Killed an antique lich
 45223 | WizLab   | Found the +9 sword of Zonguldrok {reap}
 45747 | Vaults:1 | Reached skill level 21 in Earth Magic
 45773 | Vaults:1 | Reached XP level 19. HP: 97/159 MP: 7/43
 46029 | Vaults:1 | Reached skill level 15 in Spellcasting
 48810 | Vaults:2 | Reached skill level 22 in Earth Magic
 48918 | Vaults:1 | Upgraded the game from 0.21-a0-400-g417d9d2 to 0.21-a0-401-g0b6bec4
 50774 | Vaults:3 | Found a staircase to the Crypt.
 50901 | Vaults:3 | Reached XP level 20. HP: 151/167 MP: 26/45
 51391 | Vaults:3 | Got a dazzling battleaxe {chop}
 51392 | Vaults:3 | Identified the +6 battleaxe of the Wolf {chop, Fragile rF+ MR+ Dex+4} (You took it off a wizard on level 3 of the Vaults)
 51553 | Vaults:3 | HP: 8/167 [yaktaur captain/uncursed halberd (12)]
 52724 | Vaults:3 | Reached skill level 23 in Earth Magic
 53673 | Vaults:4 | Found a gateway to a bazaar.
 53682 | Bazaar   | Entered a bazaar
 53690 | Bazaar   | Found Plog's Assorted Antiques.
 53696 | Bazaar   | Found Ymithral's Jewellery Emporium.
 53697 | Bazaar   | Found Umpu's General Store.
 53727 | Bazaar   | Found Yceo's Antique Weapon Emporium.
 53732 | Bazaar   | Found Tawi's Weapon Shop.
 53770 | Bazaar   | Bought the ring of Qege {*Drain rC+ Int+6 SInv} for 1137 gold pieces
 55587 | Swamp:4  | Killed Mara
 55745 | Swamp:4  | Noticed Donald
 55754 | Swamp:4  | Killed Donald
 55869 | Swamp:4  | Got a decaying rune of Zot
 55881 | Swamp:4  | Killed Louise
 55893 | Swamp:4  | Reached XP level 21. HP: 133/173 MP: 2/48
 55899 | Swamp:4  | Paralysed by a hornet for 2 turns
 56713 | Elf:3    | Found Saekhlyobb's Antique Weapon Emporium.
 57168 | Elf:3    | Found Jacsouna's Assorted Antiques.
 57171 | Elf:3    | Bought a scroll of teleportation for 120 gold pieces
 57653 | Elf:3    | Reached skill level 24 in Earth Magic
 57948 | Elf:3    | Got a brightly glowing marble ring
 58309 | Elf:3    | Got a fine whip {vamp}
 58314 | Elf:3    | Identified the +6 whip of the Shallot {vamp, rPois MR+ Dex+4} (You took it off a deep elf death mage on level 3 of the Elven Halls)
 58315 | Elf:3    | Identified the ring "Puc Suxt" {Wiz *Slow rN+ Int+4} (You took it off a deep elf mage on level 3 of the Elven Halls)
 58508 | Elf:3    | Got a translucent steel ring
 58524 | Elf:3    | Identified the ring of Juthri {rC+ rN+ Int+4} (You took it off a deep elf annihilator on level 3 of the Elven Halls)
 58573 | Elf:3    | Identified Sif Muna's Disquisition on Companions and Shape Shifting
 58583 | Elf:3    | Identified Heloddy's Handbook of Feathers
 58588 | Elf:3    | Learned a level 2 spell: Swiftness
 58617 | Elf:3    | Identified the Tome of Necromancy and the Glacier
 58892 | Lair:2   | Learned a level 6 spell: Deflect Missiles
 58900 | Lair:2   | Learned a level 7 spell: Spellforged Servitor
 59186 | Vaults:5 | Entered Level 5 of the Vaults
 59187 | Vaults:5 | Reached skill level 1 in Summonings
 59597 | Vaults:5 | Reached XP level 22. HP: 182/182 MP: 30/49
 59599 | Vaults:5 | HP: 6/182 [stone giant/large rock (35)]
 60163 | Vaults:4 | Killed from afar by a quicksilver dragon

Vault maps used:
D:1:      saegor_arrival_under_anarchy
D:2:      nicolae_gozag_seed_capital
D:3:      first_bread, grunt_ministairs_7, lemuel_tele_altar, uniq_ijyb
D:5:      chequers_temple_overflow_minitemple, nicolae_dithmenos_shadow_blocks,
          gup_sewer_entry_bubbles
D:6:      overflow_temple_1_default, temple_statues, uniq_blork_the_orc,
          uniq_crazy_yiuf_cottage, uniq_menkaure
D:7:      corexii_shantytown
D:8:      grunt_lair_entry_orc_guard_hut, serial_glass, glass_columns_a,
          glass_columns_a
D:10:     serial_shops, nicolae_shop_waterfront, blue_anna_alchemist,
          jiyva_altar_1, uniq_snorg
D:11:     erik_orc_4, grunt_ministairs_5
D:12:     minmay_guarded_unrand_curses, uniq_psyche, uniq_sonja, uniq_erolcha
D:13:     david_vaults_1, patterned_corridor, uniq_kirke, uniq_rupert
D:14:     serial_shops, shop, grunt_decor_arrowhead
D:15:     grunt_enter_depths_magical_seal, evilmike_ruin_ashenzari,
          roderic_lattice_a
Lair:1:   uniq_gastronok
Lair:2:   serial_bayou_shore_b, serial_bayou_shore_b, uniq_urug
Lair:3:   infiniplex_staircase_pool_2, grunt_megastairs_2, lemuel_fruit_tree
Lair:4:   swamp_mist, nicolae_spider_entry_non_spiders, bh_autumn_forest_stairs,
          minmay_holes, disabler_island
Lair:5:   minmay_slime_entry_oklob_open
Lair:6:   hangedman_lair_in_review
Swamp:1:  evilmike_swamp_ruin_wall, cheibrodos_swamp_kobolds,
          infiniplex_staircase_pool
Swamp:2:  evilmike_swamp_ruin_house_5, uniq_roxanne
Swamp:3:  nicolae_swamp_fairy_circle, swamp_pool3
Swamp:4:  swamp, swamp_pool1, uniq_donald, uniq_mara, uniq_louise
Spider:1: minivault_29
Spider:2: nicolae_spider_cling_ruins
Spider:4: grunt_spider_rune_parallel
Orc:1:    portal_ice_cave_entry_imps
Orc:2:    grunt_orc_gardens, grunt_orc_garden, grunt_orc_garden,
          grunt_orc_garden, grunt_orc_garden, uniq_maurice
Elf:1:    eino_elf_arrival_altar, minmay_elf_demonology
Elf:2:    serial_shops, nicolae_shop_behind_doors
Elf:3:    minmay_elf_hall_four_x, serial_shops, nicolae_shop_behind_doors,
          nicolae_shop_overgrown_old_shop, st_stairs_5, grunt_megastairs_1
Vaults:1: v_misc_4, st_more_cells, nicolae_vaults_mini_display_case,
          vaults_standard_mumra_lines, ontoclasm_vaults_pinch, v_misc_2,
          v_alt_pattern_1, v_alt_pattern_5, dpeg_vaults_monster_row,
          nicolae_vaults_asterisk, mu_enter_wizlab_1
Vaults:2: v_misc_24, v_misc_3, ontoclasm_vaults_ring_square,
          ontoclasm_vaults_ring_square, grunt_vaults_twisty, v_rooms_4,
          vaults_room_door_ring, v_misc_1, nicolae_vaults_little_squares_6,
          st_squares, vaults_dpeg_hooks, v_misc_29, vaults_mumra_hex
Vaults:3: st_quartered_hall, v_misc_25, vaults_room_fours, v_rooms_5,
          nicolae_vaults_border_crossing, v_pattern_2, v_alt_pattern_2,
          ontoclasm_vaults_spin, minmay_crypt_entry_simple_statues,
          nicolae_vaults_ring_of_whatevers, ontoclasm_vaults_decontamination
Vaults:4: vaults_room_semicircle, grunt_vaults_funnel,
          vaults_mumra_chevron_long, hangedman_vaults_cutoff, v_pattern_4,
          ontoclasm_vaults_bender, nicolae_vaults_shelves_hall,
          vaults_room_semicircle, kb_rosetta, v_misc_9, v_misc_29,
          hangedman_vaults_stagger, serial_shops, statue_bzr
Vaults:5: serial_shops
Depths:1: hangedman_geh_valley, abyss_entry, tso_metal_star, serial_shops,
          bzr_entry_lakeside, kennysheep_inner_square, minmay_shop_star,
          serial_bayou_shore_b, serial_bayou_shore_a, uniq_jorgrun
Depths:2: minmay_distorted_concentric_squares, serial_shops, bzr_firewalk,
          lightli_too_deep, pan_entry, uniq_asterion, uniq_bai_suzhen
Bazaar:   bazaar_kb_twisted_cavern
Sewer:    sewer_kobolds
IceCv:    ice_cave_caverns_01
WizLab:   wizlab_zonguldrok

Skill      XL: |  1  2  3  4  5  6  7  8  9 10 11 12 13 14 15 16 17 18 19 20 21 22 |
---------------+-------------------------------------------------------------------+-----
Earth Magic    | 3 4 5 6 8 9 10 11 12 14 16 17 19 21 22 23 24 | 24.7
Spellcasting   | 2 3 4 5 6 7 8 9 10 11 12 13 14 15 16 17 | 17.5
Conjurations   | 1 2 3 4 5 7 8 9 10 11 | 11.8
Dodging        | 3 4 5 6 7 8 9 |  9.7
Fighting       | 2 4 5 6 7 |  7.1
Armour         | 3 4 5 6 7 |  7.2
Air Magic      | 1 2 3 4 |  4.1
Poison Magic   | 1 2 |  2.0
Necromancy     | 2 |  2.4
Charms         | 2 3 4 |  4.4
Translocations | 1 2 |  2.0
Evocations     | 2 |  2.2
Shields        | 6 7 9 |  9.7
Summonings     | 2 3 |  3.6
Stealth        | |  1.7
Transmutations | |  0.8

Action                   |  1- 3 |  4- 6 |  7- 9 | 10-12 | 13-15 | 16-18 | 19-21 | 22-24 || total
-------------------------+-------+-------+-------+-------+-------+-------+-------+-------++-------
Melee: Unarmed           |    59 |       |       |       |    13 |       |       |       ||    72
       Dagger            |   126 |    27 |       |       |       |       |       |       ||   153
       Quarterstaff      |       |    18 |       |       |       |       |       |       ||    18
       Halberd           |       |    17 |    65 |       |       |       |       |       ||    82
       War axe           |       |       |   161 |    38 |     2 |       |       |       ||   201
       Scythe            |       |       |       |   166 |   267 |       |       |       ||   433
       Whip              |       |       |       |       |       |   484 |   298 |       ||   782
Throw: Stone             |       |       |       |       |     1 |       |       |       ||     1
 Cast: Sandblast         |    40 |    41 |   130 |   112 |   289 |   413 |       |       ||  1025
       Stone Arrow       |       |     8 |    23 |   147 |    81 |    33 |   195 |     1 ||   488
       Lee's Rapid Decon |       |       |     2 |    63 |   154 |   125 |    44 |       ||   388
       Blink             |       |       |     2 |     1 |     5 |     1 |     3 |     3 ||    15
       Regeneration      |       |       |       |     6 |    34 |     7 |     2 |       ||    49
       Iron Shot         |       |       |       |       |   124 |   369 |   407 |    14 ||   914
       Mephitic Cloud    |       |       |       |       |     7 |     6 |     2 |       ||    15
       Shatter           |       |       |       |       |       |       |    40 |     8 ||    48
Evoke: Wand              |       |       |       |       |     6 |     6 |     1 |       ||    13
  Use: Scroll            |       |       |     5 |    11 |     8 |    23 |     7 |       ||    54
       Potion            |       |       |       |    12 |     1 |     7 |     7 |     2 ||    29
 Stab: Sleeping          |     4 |     7 |     6 |     2 |     5 |       |       |       ||    24
       Distracted        |       |       |       |     1 |     1 |     1 |       |       ||     3
       Confused          |       |       |       |       |     1 |       |       |       ||     1
  Eat: Chunk             |     6 |     9 |    18 |    37 |    69 |    42 |    45 |       ||   226
       Fruit             |       |       |       |     2 |     1 |     6 |     4 |       ||    13
       Royal jelly       |       |       |       |     2 |       |     2 |     3 |       ||     7
       Bread ration      |       |       |       |       |     2 |     3 |     1 |       ||     6
       Meat ration       |       |       |       |       |     2 |     3 |     2 |       ||     7
Armor: Robe              |    47 |     7 |    27 |    42 |    38 |       |       |       ||   161
       Steam dragon scal |       |       |       |       |    77 |       |       |       ||    77
       Troll leather arm |       |       |       |       |     9 |   233 |   142 |    13 ||   397
Dodge: Dodged            |   147 |    58 |   278 |   395 |   718 |  1030 |   568 |    41 ||  3235
Block: Buckler           |       |       |       |       |       |   284 |   188 |    17 ||   489

Table legend:
 A = Spawn XP
 B = Non-spawn XP
 C = Spawn XP percentage of total XP
 D = Spawn monster count
 E = Non-spawn monster count
 F = Spawn count percentage of total count
 G = Total turns spent on level
                    A         B        C        D         E        F      G
               +---------+---------+-------+---------+---------+-------+---------
         Total |       0 |  884817 |   0.0 |       0 |    1922 |   0.0 | 60163
               +---------+---------+-------+---------+---------+-------+---------
           D:1 |       0 |      43 |   0.0 |       0 |      24 |   0.0 |  1401
           D:2 |       0 |      57 |   0.0 |       0 |      23 |   0.0 |  1054
           D:3 |       0 |     150 |   0.0 |       0 |      19 |   0.0 |  1804
           D:4 |       0 |     205 |   0.0 |       0 |      17 |   0.0 |   832
           D:5 |       0 |     490 |   0.0 |       0 |      19 |   0.0 |   811
           D:6 |       0 |    1090 |   0.0 |       0 |      20 |   0.0 |   859
           D:7 |       0 |    1146 |   0.0 |       0 |      47 |   0.0 |  1666
           D:8 |       0 |    1199 |   0.0 |       0 |      16 |   0.0 |  1608
           D:9 |       0 |    1715 |   0.0 |       0 |      29 |   0.0 |  1221
          D:10 |       0 |    5522 |   0.0 |       0 |      38 |   0.0 |   902
          D:11 |       0 |    6429 |   0.0 |       0 |      47 |   0.0 |  1371
          D:12 |       0 |    9600 |   0.0 |       0 |      51 |   0.0 |  1409
          D:13 |       0 |   17151 |   0.0 |       0 |      40 |   0.0 |  1318
          D:14 |       0 |    9261 |   0.0 |       0 |      32 |   0.0 |   883
          D:15 |       0 |   22438 |   0.0 |       0 |      45 |   0.0 |  1831
        Lair:1 |       0 |    7693 |   0.0 |       0 |      27 |   0.0 |  1387
        Lair:2 |       0 |    5342 |   0.0 |       0 |      23 |   0.0 |  1270
        Lair:3 |       0 |    3635 |   0.0 |       0 |      22 |   0.0 |  1609
        Lair:4 |       0 |    3226 |   0.0 |       0 |      17 |   0.0 |  1650
        Lair:5 |       0 |    6937 |   0.0 |       0 |      25 |   0.0 |  1812
        Lair:6 |       0 |   21000 |   0.0 |       0 |      56 |   0.0 |  1463
       Swamp:1 |       0 |   14262 |   0.0 |       0 |      32 |   0.0 |  1264
       Swamp:2 |       0 |    9834 |   0.0 |       0 |      18 |   0.0 |   898
       Swamp:3 |       0 |    9156 |   0.0 |       0 |      25 |   0.0 |  1515
       Swamp:4 |       0 |   45367 |   0.0 |       0 |      74 |   0.0 |  1373
      Spider:1 |       0 |   25665 |   0.0 |       0 |      92 |   0.0 |  1576
      Spider:2 |       0 |    8470 |   0.0 |       0 |      26 |   0.0 |   657
      Spider:3 |       0 |    8856 |   0.0 |       0 |      29 |   0.0 |   803
      Spider:4 |       0 |   39609 |   0.0 |       0 |      83 |   0.0 |  2121
         Orc:1 |       0 |    4661 |   0.0 |       0 |      53 |   0.0 |  1611
         Orc:2 |       0 |   15545 |   0.0 |       0 |      45 |   0.0 |  1838
         Elf:1 |       0 |   28155 |   0.0 |       0 |      50 |   0.0 |  1675
         Elf:2 |       0 |   26571 |   0.0 |       0 |      41 |   0.0 |   800
         Elf:3 |       0 |   89080 |   0.0 |       0 |      86 |   0.0 |  2097
      Vaults:1 |       0 |   62792 |   0.0 |       0 |     103 |   0.0 |  3041
      Vaults:2 |       0 |   61918 |   0.0 |       0 |      98 |   0.0 |  2003
      Vaults:3 |       0 |   58148 |   0.0 |       0 |      95 |   0.0 |  2679
      Vaults:4 |       0 |   74558 |   0.0 |       0 |     104 |   0.0 |  2542
      Vaults:5 |       0 |   78645 |   0.0 |       0 |      80 |   0.0 |    48
      Depths:1 |       0 |   54141 |   0.0 |       0 |      67 |   0.0 |  1514
      Depths:2 |       0 |   21576 |   0.0 |       0 |      22 |   0.0 |   582
         Sewer |       0 |     126 |   0.0 |       0 |      11 |   0.0 |   248
         IceCv |       0 |    2535 |   0.0 |       0 |      13 |   0.0 |   207
        WizLab |       0 |   20818 |   0.0 |       0 |      38 |   0.0 |   804
               +---------+---------+-------+---------+---------+-------+---------
